 Dungeon Crawl Stone Soup version 0.17.0-27-g4a3f43e (webtiles) character file.

5616 dvd the Protected (level 10, -1/91 HPs)
             Began as a Deep Dwarf Fighter on Nov 21, 2015.
             Was a Priest of Makhleb.
             Slain by a komodo dragon (14 damage)
             ... on level 9 of the Dungeon.
             The game lasted 00:34:33 (6672 turns).

dvd the Protected (Deep Dwarf Fighter)              Turns: 6672, Time: 00:34:33

Health: -1/91      AC: 23    Str: 22    XL:     10   Next: 45%
Magic:  11/11      EV:  9    Int:  9    God:    Makhleb [***...]
Gold:   472        SH: 12    Dex: 16    Spells: 0 memorised, 9 levels left

rFire  + . .     SeeInvis .     a - +2 war axe
rCold  + . .     Clarity  .     H - +6 plate armour of Qevudi {rF+ rC+}
rNeg   + . .     SustAt   .     s - +1 shield
rPois  .         Gourm    .     (no helmet)
rElec  .         Spirit   .     x - +0 cloak
rCorr  .         Warding  .     D - +0 pair of gloves
rMut   .         Stasis   .     (no boots)
MR     +....                    g - amulet of faith
Stlth  ..........               G - +3 ring of dexterity
                                k - ring of positive energy

@: non-regenerating, studying Unarmed Combat, somewhat resistant to hostile
enchantments, extremely unstealthy
A: damage resistance, recharge devices, sense surroundings 2, slow regeneration
3
a: Device Recharging, Minor Destruction, Lesser Servant of Makhleb, Renounce
Religion


You were on level 9 of the Dungeon.
You worshipped Makhleb.
Makhleb was most pleased with you.
You were not hungry.

You visited 2 branches of the dungeon, and saw 11 of its levels.

You collected 472 gold pieces.

Inventory:

Hand Weapons
 a - a +2 war axe (weapon)
 b - a +1 flail of protection
 v - a +2 falchion of slicing
 y - a +1 flail of holy wrath
 B - a +1 mace of holy wrath
Armour
 s - a +1 shield (worn)
 x - a +0 cloak (worn)
 D - a +0 pair of gloves (worn)
 H - the +6 plate armour of Qevudi (worn) {rF+ rC+}
   (You found it on level 10 of the Dungeon)

   It protects you from fire.
   It protects you from cold.
Jewellery
 c - an uncursed ring of wizardry
 g - an amulet of faith (around neck)
 k - a ring of positive energy (left hand)
 n - a cursed amulet of resist mutation
 u - an uncursed ring of positive energy
 G - a +3 ring of dexterity (right hand)
Wands
 e - a wand of heal wounds (5)
 i - a wand of teleportation (2)
 m - a wand of random effects (25)
 w - a wand of disintegration (0)
 C - a wand of magic darts (30)
 F - a wand of polymorph (0)
Scrolls
 d - 5 scrolls of remove curse
 h - 2 scrolls of identify
 j - a scroll of enchant armour
 o - 2 scrolls of magic mapping
Potions
 z - 4 potions of invisibility
Books
 E - a manual of Unarmed Combat
Comestibles
 f - 6 bread rations
 l - 2 meat rations
 q - 2 beef jerkies
 t - a royal jelly


   Skills:
 + Level 6.0 Fighting
 + Level 8.4 Axes
 * Level 9.3 Armour
 + Level 6.6 Dodging
 + Level 1.0 Stealth
 + Level 8.1 Shields
 * Level 1.6 Invocations
 + Level 3.3 Evocations


You had 9 spell levels left.
You didn't know any spells.

Dungeon Overview and Level Annotations

Branches:
Dungeon (10/15)            Temple (1/1) D:7            Lair (0/8) D:9
    Orc: D:9-12

Altars:
Ashenzari
Cheibriados
Elyvilon
Fedhas
Gozag
Kikubaaqudgha
Makhleb
Nemelex Xobeh
Okawaru
Qazlal
Ru
Sif Muna
Trog
Vehumet
Xom
Yredelemnul
Zin
The Shining One


Innate Abilities, Weirdness & Mutations

You are resistant to damage.
You can recharge devices by infusing magical energy.
You passively map the area around you.
You do not regenerate naturally.


Message History

Zapping:
e - a wand of heal wounds (6)
Press: ? - help, Shift-Dir - straight line, f - you You feel much better.
This wand has 5 charges left.
The komodo dragon bites you!!
* * * LOW HITPOINT WARNING * * *
You barely miss the komodo dragon.
The komodo dragon is moderately wounded.
You block the komodo dragon's attack.
Unknown command.
You slash the komodo dragon!
The komodo dragon is heavily wounded.
You block the komodo dragon's attack.
You barely miss the komodo dragon.
The komodo dragon is heavily wounded.
The komodo dragon bites you!
* * * LOW HITPOINT WARNING * * *
You hit the komodo dragon but do no damage.
The komodo dragon is heavily wounded.
The komodo dragon bites you!
You die...

................ , ,
* ................ ,
*, ,................
................,....
+ #####<##'######.
..<.,
#.#...(...#,..... * ,
#.#.......# .Y...
#.#...l†..#...... *
#.####@####Y..... ,
#.....).(........ , ,
#........(....=..
#..#######....... ,
#..* , ......., #.. ,
....... * , ...+ ,
...?... * , .(.. *
....... , ..... , ,
....... , ,,


You could see a komodo dragon.

Vanquished Creatures
  A hill giant (D:8)
  A cyclops (D:8)
  Prince Ribbit (D:6)
  A wyvern (D:8)
  5 yaks (D:9)
  Edmund (D:6)
  4 ice beasts
  A water moccasin (D:8)
  2 black bears
  A sky beast (D:5)
  3 phantoms
  A wasp (D:6)
  5 ogres
  4 centaurs
  A big kobold (D:7)
  6 giant frogs
  The ghost of dadoka the Ruffian, an amateur VSMo of Makhleb (D:3)
  2 scorpions
  A crimson imp (D:5)
  A gnoll shaman (D:4)
  An iron imp (D:7)
  7 orc priests
  A giant frog zombie (D:6)
  Crazy Yiuf (D:6)
  A centaur zombie (D:5)
  A giant frog skeleton (D:5)
  4 worker ants
  3 iguanas
  3 orc wizards
  A killer bee zombie (D:5)
  2 hound skeletons
  2 worker ant zombies (D:5)
  8 gnolls
  9 adders
  4 shadow imps
  2 oozes
  2 adder skeletons
  2 worms
  31 orcs
  2 ball pythons
  4 giant cockroaches
  3 hobgoblins
  5 jackals (D:2)
  3 kobolds
  3 quokkas
  5 bats
  8 giant geckos
  A giant gecko zombie (D:5)
  4 giant newts
  5 goblins
  2 jackal skeletons
  A quokka skeleton (D:4)
  16 rats
190 creatures vanquished.

Vanquished Creatures (others)
  Eustachio (D:6)
  2 plants (D:9)
3 creatures vanquished.

Grand Total: 193 creatures vanquished

Notes
Turn   | Place    | Note
--------------------------------------------------------------
     0 | D:1      | dvd the Deep Dwarf Fighter began the quest for the Orb.
     0 | D:1      | Reached XP level 1. HP: 20/20 MP: 1/1
   250 | D:1      | Reached XP level 2. HP: 21/27 MP: 2/2
   968 | D:2      | Reached XP level 3. HP: 17/34 MP: 3/3
   993 | D:2      | Reached skill level 4 in Armour
  1271 | D:2      | Reached skill level 1 in Dodging
  1276 | D:2      | Reached XP level 4. HP: 16/42 MP: 4/4
  1439 | D:3      | Noticed dadoka's ghost (amateur VSMo)
  1449 | D:3      | Killed dadoka's ghost
  1449 | D:3      | Reached XP level 5. HP: 16/49 MP: 5/5
  1487 | D:3      | Found a faded altar to an unknown god.
  2129 | D:4      | Reached skill level 5 in Armour
  2136 | D:4      | Reached XP level 6. HP: 37/56 MP: 6/6
  2155 | D:4      | Noticed a phantom
  2250 | D:4      | Killed a phantom
  2493 | D:4      | Found a sparkling altar of Nemelex Xobeh.
  2601 | D:4      | Noticed an ogre
  2613 | D:4      | Killed an ogre
  2613 | D:4      | Reached skill level 6 in Armour
  2613 | D:4      | Reached XP level 7. HP: 17/63 MP: 7/7
  2685 | D:4      | Found a blossoming altar of Fedhas.
  2685 | D:4      | Noticed a centaur
  2695 | D:4      | Killed a centaur
  2975 | D:5      | Entered Level 5 of the Dungeon
  3085 | D:5      | Reached skill level 5 in Shields
  3169 | D:5      | Reached skill level 5 in Axes
  3328 | D:5      | Reached XP level 8. HP: 38/72 MP: 8/8
  3402 | D:5      | Found a stormy altar of Qazlal.
  3404 | D:5      | Found an iron altar of Okawaru.
  3487 | D:5      | Found a deep blue altar of Sif Muna.
  3512 | D:5      | Reached skill level 7 in Armour
  3543 | D:5      | Reached skill level 1 in Stealth
  3877 | D:6      | Found a shimmering altar of Xom.
  3947 | D:6      | Noticed a green death
  3948 | D:6      | Found a burning altar of Makhleb.
  3951 | D:6      | Noticed Prince Ribbit
  3952 | D:6      | Found a glowing silver altar of Zin.
  3952 | D:6      | Noticed an angel
  3967 | D:6      | Became a worshipper of Makhleb the Destroyer
  3974 | D:6      | Killed Prince Ribbit
  3974 | D:6      | Reached skill level 1 in Evocations
  4043 | D:6      | Noticed a moth of wrath
  4046 | D:6      | Found a bloodstained altar of Trog.
  4047 | D:6      | Noticed Eustachio
  4175 | D:6      | Killed Eustachio
  4365 | D:6      | Reached skill level 5 in Dodging
  4372 | D:6      | Gained mutation: You passively map the area around you. [Deep Dwarf growth]
  4372 | D:6      | Reached XP level 9. HP: 40/80 MP: 9/9
  4422 | D:6      | Reached * piety under Makhleb
  4448 | D:6      | Found a glowing golden altar of the Shining One.
  4506 | D:6      | Noticed Crazy Yiuf
  4513 | D:6      | Killed Crazy Yiuf
  4562 | D:6      | Noticed Edmund
  4616 | D:6      | Killed Edmund
  4616 | D:6      | Reached skill level 5 in Fighting
  4911 | D:6      | Reached skill level 8 in Armour
  5101 | D:7      | Found a snail-covered altar of Cheibriados.
  5132 | D:7      | Found a snail-covered altar of Cheibriados.
  5175 | D:7      | Found a sacrificial altar of Ru.
  5218 | D:7      | Found a staircase to the Ecumenical Temple.
  5239 | Temple   | Entered the Ecumenical Temple
  5356 | D:7      | Reached ** piety under Makhleb
  5974 | D:8      | Noticed a cyclops
  5974 | D:8      | Noticed a hill giant
  6054 | D:8      | Killed a hill giant
  6054 | D:8      | Reached XP level 10. HP: 53/91 MP: 11/11
  6066 | D:8      | Killed a cyclops
  6066 | D:8      | Reached skill level 9 in Armour
  6070 | D:8      | Reached *** piety under Makhleb
  6212 | D:8      | You fall through a shaft for 2 floors!
  6212 | D:10     | Entered Level 10 of the Dungeon
  6259 | D:10     | Got a pitted plate armour
  6270 | D:10     | Identified the +6 plate armour of Qevudi {rF+ rC+} (You found it on level 10 of the Dungeon)
  6587 | D:9      | Found a staircase to the Lair.
  6660 | D:9      | Reached skill level 1 in Invocations
  6672 | D:9      | Slain by a komodo dragon

Action                   |  1- 3 |  4- 6 |  7- 9 | 10-12 || total
-------------------------+-------+-------+-------+-------++-------
Melee: War axe           |   127 |   194 |   532 |    77 ||   930
Invok: Minor Destruction |       |       |     1 |     1 ||     2
 Abil: Device Recharging |       |       |     1 |       ||     1
Evoke: Wand              |       |     3 |    22 |     2 ||    27
  Use: Potion            |       |     4 |     4 |     4 ||    12
       Scroll            |       |       |    14 |     3 ||    17
  Eat: Chunk             |       |     6 |    12 |       ||    18
       Pizza             |       |       |     1 |       ||     1
       Meat ration       |       |       |       |     1 ||     1
